 Dungeon Crawl Stone Soup version 0.28.0-43-g3370ac3207 (webtiles) character file.

Game seed: 7320650077358738718

3657 Kaptain the Geomancer (level 10, -12/61 HPs)
             Began as a Gargoyle Earth Elementalist on Mar 17, 2022.
             Shot with an arrow by a centaur warrior (16 damage)
             ... on level 9 of the Dungeon.
             The game lasted 00:19:21 (10168 turns).

Kaptain the Geomancer (GrEE)                       Turns: 10168, Time: 00:19:21

Health: -12/61     AC: 12    Str: 12    XL:     10   Next: 12%
Magic:  10/19      EV: 12    Int: 20    God:
Gold:   544        SH:  5    Dex: 10    Spells: 17/21 levels left

rFire   . . .      SeeInvis .   J - +4 scimitar
rCold   . . .      Faith    .   (no shield)
rNeg    + . .      Spirit   .   g - +0 leather armour
rPois   ∞          Reflect  +   (no helmet)
rElec   +          Harm     .   (no cloak)
rCorr   .          Rampage  .   (no gloves)
Will    +....                   k - +1 pair of boots
Stlth   ++........              B - amulet of reflection
HPRegen 0.20/turn               s - ring of willpower
MPRegen 0.16/turn               z - ring of wizardry

@: no status effects
A: sickness immunity, AC +7, negative energy resistance 1, electricity
resistance, torment resistance 1, petrification resistance
a: no special abilities


You were on level 9 of the Dungeon.
You visited 2 branches of the dungeon, and saw 10 of its levels.

You collected 544 gold pieces.

Inventory:

Hand Weapons
 h - a +1 short sword of venom
 l - a +0 trident
 H - a +0 war axe of flaming
 J - a +4 scimitar (weapon)
 K - a +4 battleaxe
Missiles
 b - 16 poisoned darts
 c - 58 stones
 o - 3 javelins
Armour
 g - a +0 leather armour (worn)
 k - a +1 pair of boots (worn)
 L - an orb of light
Magical Staves
 C - a staff of conjuration
Jewellery
 d - a ring of resist corrosion
 s - a ring of willpower (left hand)
 x - a ring of ice
 z - a ring of wizardry (right hand)
 B - an amulet of reflection (around neck)
Wands
 v - a wand of polymorph (11)
 D - a wand of flame (20)
 I - a wand of mindburst (6)
 N - a wand of iceblast (4)
Scrolls
 i - a scroll of amnesia
 j - 2 scrolls of enchant weapon
 q - a scroll of summoning {unknown}
 t - a scroll of blinking
 u - a scroll of vulnerability
 w - a scroll of enchant armour
 y - a scroll of magic mapping {unknown}
 A - a scroll of noise {unknown}
 E - a scroll of torment {unknown}
 M - a scroll of teleportation {unknown}
Potions
 a - 2 potions of heal wounds {unknown}
 e - 2 potions of mutation {unknown}
 f - a potion of haste {unknown}
 m - 6 potions of curing
 n - a potion of resistance {unknown}
 p - 2 potions of cancellation {unknown}
 r - 2 potions of flight
 F - a potion of attraction {unknown}
 G - a potion of invisibility {unknown}
Miscellaneous
 O - a lightning rod (4/4)


   Skills:
 * Level 6.6 Fighting
 + Level 4.3 Armour
 + Level 3.8 Dodging
 - Level 5.0 Stealth
 * Level 6.0 Spellcasting
 * Level 6.3 Conjurations
 - Level 0.7 Transmutations
 * Level 8.3 Earth Magic


You had 17 spell levels left.
You knew the following spells:

 Your Spells              Type           Power      Damage    Failure   Level
a - Sandblast             Erth           78%        2d17      1%          1
b - Stone Arrow           Conj/Erth      70%        3d11      1%          3

Your spell library contained the following spells:

 Spells                   Type           Power      Damage    Failure   Level
 Passwall                 Tmut/Erth      20%        N/A       1%          2
 Slow                     Hex            24%        N/A       5%          1
 Petrify                  Tmut/Erth      24%        N/A       9%          4
 Confusing Touch          Hex            6%         N/A       16%         3
 Portal Projectile        Hex/Tloc       12%        N/A       16%         3
 Vampiric Draining        Necr           6%         2d6       16%         3
 Blade Hands              Tmut           4%         N/A       69%         5
 Excruciating Wounds      Necr           3%         N/A       78%         5


Dungeon Overview and Level Annotations

Branches:
Dungeon (9/15)             Temple (1/1) D:7
   Lair: D:8-11         Orc: D:9-12

Altars:
Ashenzari
Cheibriados
Dithmenos
Elyvilon
Fedhas
Gozag
Hepliaklqana
Kikubaaqudgha
Makhleb
Okawaru
Qazlal
Ru
Sif Muna
Trog
Uskayaw
Vehumet
Wu Jian
Xom
Yredelemnul
The Shining One
Jiyva

Shops:
D:1 [   D:6 [

Annotations:
D:8 3 runed translucent doors, Elsvaer's ghost, novice DECj


Innate Abilities, Weirdness & Mutations

You are immune to sickness and miasma.
Your stone body is resilient. (AC +7)
You are immune to poison.
You resist negative energy. (rN+)
You are resistant to electric shocks. (rElec)
You are resistant to unholy torment.
You are immune to petrification.


Message History

That beam is likely to hit you.
Continue anyway?
Okay, then.
Unknown command.
A jackal skeleton comes into view.
You open the door.
Casting: Stone Arrow (safe; 1% risk of failure)
Confirm with . or Enter, or press ? or * to list all spells.
Aiming: Stone Arrow (safe; 1% risk of failure)
Press: ? - help, Shift-Dir - straight line, f - jackal skeleton
Aim: a jackal skeleton (dormant, 100% to hit)
The stone arrow hits the jackal skeleton!!
You destroy the jackal skeleton!
Unknown command.
Unknown command.
A centaur warrior comes into view.
The centaur warrior shouts!
The centaur warrior wields a +0 shortbow.
The centaur warrior shoots an arrow.
The arrow hits you!
The centaur warrior shoots an arrow.
The arrow hits you.
The centaur warrior shoots an arrow.
The arrow hits you!
Casting: Stone Arrow (safe; 1% risk of failure)
Confirm with . or Enter, or press ? or * to list all spells.
Aiming: Stone Arrow (safe; 1% risk of failure)
Press: ? - help, Shift-Dir - straight line, f - centaur warrior
Aim: a centaur warrior, wielding a +0 shortbow and quivering arrows (81% to hit)
The stone arrow hits the centaur warrior!!
The centaur warrior is moderately wounded.
The centaur warrior shoots an arrow.
The arrow hits you.
Unknown command.
Casting: Stone Arrow (safe; 1% risk of failure)
Confirm with . or Enter, or press ? or * to list all spells.
Aiming: Stone Arrow (safe; 1% risk of failure)
Press: ? - help, Shift-Dir - straight line, f/p - centaur warrior
Aim: a centaur warrior, wielding a +0 shortbow and quivering arrows (moderately wounded, 81% to hit)
The stone arrow hits the centaur warrior!!
The centaur warrior is severely wounded.
The centaur warrior shoots an arrow.
The arrow hits you!!
* * * LOW HITPOINT WARNING * * *
The centaur warrior shoots an arrow.
The arrow hits you!
You die...

#.# #.#<..#
......#....#
#.####.###.#
...#.#.##.#.#
#...##.....#
###.#.#....#.#
##...########
..#.#.#.####.#
##...# #.# .#..#.#.#
##...#
#######.###.#....#.#
##.###
#..........###.#.#.#
##..#
#..........#.....#.#
....#
#.c...@....#.#.###.#
##..#
#.#####.####.#.....#
#..#
#.####..####.#######
##..# #..........#.#
....# #....###.....#
##.## #....#.#...###
##.# ##...#'#...#
##.## #....p....#
....# #8.#####.8#


You could see a centaur warrior.

Vanquished Creatures
  A kobold demonologist (D:9)
  A wraith (D:8)
  Eustachio (D:6)
  A steam dragon (D:7)
  3 water moccasins
  An orc warrior (D:8)
  A sky beast (D:8)
  3 black bears
  An ice beast (D:6)
  5 centaurs
  A necrophage (D:6)
  A kobold brigand (D:7)
  2 scorpions
  3 bullfrogs
  A gnoll sergeant (D:6)
  A wyvern skeleton (D:7)
  5 wights (D:8)
  3 howler monkeys (D:7)
  A centaur zombie (D:5)
  3 hounds
  An orc priest (D:7)
  2 centaur skeletons
  A gnoll shaman (D:7)
  7 iguanas
  4 orc wizards
  A killer bee zombie (D:7)
  A hound skeleton (D:5)
  7 gnolls
  A howler monkey skeleton (D:7)
  11 adders
  A shadow imp (D:6)
  A white imp (D:7)
  2 adder skeletons (D:4)
  A worm (D:2)
  3 dart slugs
  19 orcs
  3 bats
  12 endoplasms
  3 giant cockroaches
  9 goblins
  5 hobgoblins
  6 jackals (D:4)
  3 quokkas
  7 ball pythons
  5 frilled lizards
  A goblin zombie (D:9)
  A jackal skeleton (D:9)
  9 kobolds
  3 rats (D:2)
169 creatures vanquished.

Vanquished Creatures (others)
  5 fungi (D:6)
  5 toadstools (D:6)
10 creatures vanquished.

Grand Total: 179 creatures vanquished

Notes
Turn   | Place    | Note
-------+----------+-------------------------------------------
     0 | D:1      | Kaptain the Gargoyle Earth Elementalist began the quest for
                  | the Orb.
     0 | D:1      | Reached XP level 1. HP: 10/10 MP: 3/3
   230 | D:1      | Reached XP level 2. HP: 16/16 MP: 1/5
   277 | D:1      | Found Xomao's Armour Emporium.
   297 | D:1      | Found a faded altar of an unknown god.
   507 | D:1      | Reached skill level 1 in Fighting
   888 | D:2      | Reached skill level 4 in Earth Magic
   891 | D:2      | Reached XP level 3. HP: 20/20 MP: 3/6
  1723 | D:3      | Reached XP level 4. HP: 25/25 MP: 3/7
  1782 | D:2      | Reached skill level 1 in Conjurations
  2594 | D:4      | Learned a level 3 spell: Stone Arrow
  2695 | D:4      | Reached skill level 1 in Armour
  2695 | D:4      | Reached XP level 5. HP: 23/30 MP: 3/9
  3130 | D:4      | Reached XP level 6. HP: 28/36 MP: 6/10
  3394 | D:4      | Reached skill level 5 in Earth Magic
  3826 | D:5      | Entered Level 5 of the Dungeon
  4466 | D:5      | Reached XP level 7. HP: 28/41 MP: 6/12
  4712 | D:5      | Found a hide-covered altar of Uskayaw.
  4952 | D:6      | Found Kirakiva's Armour Shoppe.
  5171 | D:6      | Noticed Eustachio
  5287 | D:6      | Killed Eustachio
  5288 | D:6      | Reached XP level 8. HP: 48/48 MP: 6/14
  5350 | D:6      | Reached skill level 6 in Earth Magic
  5996 | D:6      | Found a shadowy altar of Dithmenos.
  6372 | D:6      | Found a burning altar of Makhleb.
  6372 | D:6      | Noticed a cacodemon
  6577 | D:7      | Reached skill level 5 in Fighting
  6773 | D:7      | Reached XP level 9. HP: 45/54 MP: 6/16
  6930 | D:7      | Reached skill level 5 in Spellcasting
  6930 | D:7      | Reached skill level 7 in Earth Magic
  7282 | D:7      | Reached skill level 5 in Conjurations
  7445 | D:7      | Found a staircase to the Ecumenical Temple.
  7452 | Temple   | Entered the Ecumenical Temple
  8635 | D:8      | Reached skill level 5 in Stealth
  8739 | D:8      | Found a runed translucent gate.
  8739 | D:8      | Found a runed translucent gate.
  8740 | D:8      | Found a runed translucent gate.
  9102 | D:8      | Found a blossoming altar of Fedhas.
  9391 | D:8      | Reached skill level 8 in Earth Magic
  9391 | D:8      | Reached XP level 10. HP: 61/61 MP: 8/18
  9567 | D:8      | Noticed Elsvaer's ghost (novice DECj)
  9568 | D:8      | Found a viscous altar of Jiyva.
  9876 | D:9      | Noticed a kobold demonologist
  9879 | D:9      | Noticed a sixfirhy
  9883 | D:9      | Noticed a soul eater
  9884 | D:9      | Killed a kobold demonologist
 10146 | D:9      | Found a runed translucent door.
 10146 | D:9      | Found a basalt altar of Yredelemnul.
 10165 | D:9      | Noticed a centaur warrior
 10168 | D:9      | Shot with an arrow by a centaur warrior

Illustrated notes

Levels and vault maps discovered:
D:1:      dpeg_chamrin_arrival_tetris, layout_basic, basic_ecumenical_altar,
          serial_shops, shop, wander_ebering_terrifying_dragon_lair
D:2:      layout_basic
D:3:      layout_loops_ring, grunt_decor_mini_mirrors, st_stairs_11
D:4:      layout_layer_cave
D:5:      layout_loops_cross, mainiacjoe_overflow_surrounded_room,
          grunt_ministairs_9
D:6:      layout_rooms, grunt_dithmenos_shadows, makhleb_altar_promises_db,
          serial_shops, shop, st_stairs_14, minmay_gold_behind_fungi,
          uniq_eustachio
D:7:      layout_loops_corners, minmay_temple_entry_proselytizer
D:8:      layout_basic, fedhas_bush_and_centaur_altar, gammafunk_ghost_ooze
D:9:      layout_basic, dk_yredelemnul_ordeal, zin_angel, hiddenorc1_lemuel,
          minmay_misc_feat_roman, uniq_maggie, uniq_prince_ribbit1
Temple:   regret_index_temple_generic_petals

Skill      XL: |  1  2  3  4  5  6  7  8  9 10 |
---------------+-------------------------------+-----
Fighting       | 1 2 3 5 6 |  6.6
Earth Magic    | 4 5 6 8 |  8.3
Conjurations   | 1 2 3 4 6 |  6.3
Armour         | 1 2 3 4 |  4.3
Dodging        | 2 3 |  3.8
Spellcasting   | 3 4 5 6 |  6.0
Stealth        | 3 4 5 |  5.0
Transmutations | |  0.7

Action                   |  1- 3 |  4- 6 |  7- 9 | 10-12 || total
-------------------------+-------+-------+-------+-------++-------
Melee: Unarmed           |     2 |       |       |       ||     2
       Dagger            |     9 |       |       |       ||     9
       Short sword       |    28 |   141 |   127 |       ||   296
       Punch             |     1 |     2 |     3 |       ||     6
       Scimitar          |       |       |    23 |       ||    23
 Cast: Sandblast         |    43 |    36 |     5 |       ||    84
       Stone Arrow       |       |     3 |   105 |    12 ||   120
  Use: Scroll            |       |       |     9 |       ||     9
 Stab: Sleeping          |     1 |     2 |     1 |       ||     4
Armor: Robe              |    13 |    87 |     7 |       ||   107
       Leather armour    |       |       |    64 |     3 ||    67
Dodge: Dodged            |    32 |   149 |    91 |     7 ||   279
Block: Other             |       |       |    38 |     3 ||    41
       Reflection        |       |       |     3 |     1 ||     4
